AoeStats
← 等我升精锐

Nomad

509397394Analyzed
4v4 RM · 6d ago on Sep 26, 2026· 52m 41s· 8 players
Game mode
Random Map
Map size
231×231
Population
200
Speed
Normal
Resources
Standard
Victory
Conquest
Starting age
Dark Age
Ending age
Imperial Age
RankedLock teamsTeams togetherTeam positionsShared explorationLock speedFull tech treeHidden civsTurbo modeCheats
Victory
Defeat
🇹🇼 Vietnamese · Taiwan
1348
+13
🇹🇼 Danes · Taiwan
1290
+16
🇲🇽 Turks · Mexico
1264
+17
🇹🇼 Franks · Taiwan
1244
+17
🇨🇳 Vietnamese · China
1297
-16
🇵🇹 Persians · Portugal
1291
-16
🇨🇳 Franks · China
1287
-16
🇳🇱 Malians · Netherlands
1254
-15
Massarock
6:04 Loom
9:45 Loom
16:26 Feudal Age
17:01 Double-Bit Axe
17:02 Town Watch
18:44 Gold Mining
23:48 Fishing Lines
29:28 Castle Age
29:30 Fletching
30:07 Medium Warships
32:31 Horse Collar
33:02 Bow Saw
33:30 Wheelbarrow
33:40 Bodkin Arrow
35:43 Heavy Plow
36:19 Gold Shaft Mining
35:50 Padded Archer Armor
39:57 Crossbowman
40:44 Thumb Ring
40:57 Leather Archer Armor
43:15 Imperial Age
41:22 Kamandaran
42:04 Ballistics
42:20 Pikeman
43:12 Forging
43:03 Scale Mail Armor
43:09 Gillnets
43:08 Pikeman
43:38 Gambesons
44:30 Iron Casting
44:06 Halberdier
45:22 Chain Mail Armor
46:55 Blast Furnace
46:28 Ring Archer Armor
47:30 Squires
48:04 Plate Mail Armor
zabijucha
4:54 Loom
15:00 Feudal Age
15:57 Fishing Lines
16:50 Double-Bit Axe
22:19 Castle Age
21:42 Scale Mail Armor
21:54 Forging
23:15 Medium Warships
23:11 Gillnets
25:32 Scale Mail Armor
26:07 Iron Casting
26:38 Wheelbarrow
27:13 Chain Mail Armor
27:40 Squires
28:12 Town Watch
29:11 Fletching
30:40 Hand Cart
30:44 Bodkin Arrow
37:41 Imperial Age
35:26 Scale Barding Armor
36:35 Chain Barding Armor
37:10 Bloodlines
37:00 Husbandry
37:39 Horse Collar
37:45 Cavalier
38:28 Farimba
38:51 Conscription
39:09 Hoardings
39:36 Plate Barding Armor
41:35 Plate Mail Armor
40:33 Light Cavalry
43:39 Man-at-Arms
44:20 Long Swordsman
45:00 Two-Handed Swordsman
Jkun
5:48 Loom
13:07 Feudal Age
13:14 Man-at-Arms
14:41 Double-Bit Axe
22:15 Scale Mail Armor
23:08 Forging
27:32 Castle Age
26:04 Fishing Lines
27:10 Fletching
27:24 Padded Archer Armor
27:15 Town Watch
27:45 Crossbowman
28:34 Bodkin Arrow
29:24 Wheelbarrow
29:48 Leather Archer Armor
35:14 Gillnets
37:44 Hand Cart
40:18 Imperial Age
38:50 Scale Barding Armor
40:09 Bow Saw
39:52 Gold Mining
39:52 Stone Mining
41:18 Chivalry
42:05 Chain Barding Armor
41:55 Cavalier
42:36 Husbandry
43:14 Iron Casting
43:25 Plate Barding Armor
43:17 Conscription
43:25 Paladin
45:31 Chain Mail Armor
44:40 Long Swordsman
45:49 Two-Handed Swordsman
46:19 Gambesons
46:36 Squires
45:59 Two-Handed Swordsman
48:05 Champion
49:23 Light Cavalry
51:27 Chemistry
51:23 Iron Casting
等我升精锐
5:47 Loom
13:19 Feudal Age
13:56 Double-Bit Axe
17:02 Fletching
17:27 Horse Collar
18:04 Padded Archer Armor
25:02 Castle Age
23:35 Fishing Lines
25:06 Crossbowman
25:45 Bodkin Arrow
30:03 Gillnets
32:09 Town Watch
33:00 Wheelbarrow
37:42 Gold Mining
46:23 Imperial Age
47:21 Bracer
47:36 Leather Archer Armor
48:26 Bow Saw
50:23 Elite Rattan Archer
52:25 Ring Archer Armor
:) Regresa rocha moya
4:17 Loom
14:12 Feudal Age
15:21 Town Watch
18:35 Castle Age
16:37 Fletching
19:12 Gold Mining
19:39 Bodkin Arrow
20:58 Padded Archer Armor
25:02 Bloodlines
28:14 Redemption
36:37 Imperial Age
45:57 Double-Bit Axe
48:04 Ballistics
48:23 Bracer
48:50 Fishing Lines
49:31 Thumb Ring
51:15 Sipahi
51:36 Leather Archer Armor
52:34 Parthian Tactics
jack3219178
5:54 Loom
13:19 Feudal Age
14:57 Double-Bit Axe
18:07 Gold Mining
22:57 Castle Age
24:34 Medium Warships
25:00 Bow Saw
25:58 Stone Mining
28:33 Careening
28:39 Careening
29:42 Clinker Construction
33:38 Horse Collar
37:21 Fletching
37:31 Padded Archer Armor
39:57 Wheelbarrow
39:43 Town Watch
40:48 Ballistics
40:56 Bodkin Arrow
41:17 Leather Archer Armor
41:49 Hand Cart
46:30 Imperial Age
44:53 Scale Barding Armor
45:43 Squires
46:06 Scale Mail Armor
46:18 Forging
47:29 Chain Mail Armor
46:43 Elite Fire Lancer
49:07 Plate Mail Armor
49:13 Iron Casting
48:39 Bracer
49:09 Ring Archer Armor
51:29 Two-Man Saw
50:32 Heavy Plow
51:52 Chemistry
50:34 Treadmill Crane
50:59 Siege Engineers
51:32 Stone Shaft Mining
51:43 Arson
52:59 Chain Barding Armor
53:04 Paper Money
52:06 Elite Rattan Archer
大白
3:14 Loom
13:50 Feudal Age
14:36 Double-Bit Axe
17:46 Fishing Lines
18:52 Stone Mining
22:42 Castle Age
49:50 Gold Mining
murphykz2322
3:01 Loom
14:29 Feudal Age
15:46 Wheelbarrow
16:24 Double-Bit Axe
20:02 Town Watch
23:04 Castle Age
21:07 Fishing Lines
24:10 Bow Saw
23:57 Horse Collar
29:14 Gold Mining
30:57 Fletching
31:53 Gold Shaft Mining
35:32 Imperial Age
33:08 Stone Mining
33:51 Bodkin Arrow
34:19 Ballistics
34:16 Scale Mail Armor
34:26 Forging
35:33 Chain Mail Armor
35:31 Squires
35:46 Heavy Plow
36:14 Hand Cart
36:28 Padded Archer Armor
35:52 Pikeman
36:18 Onager
36:47 Halberdier
38:16 Plate Mail Armor
37:32 Hamask
38:44 Siege Onager
38:45 Northmen's Fury
40:13 Iron Casting
41:02 Chemistry
41:22 Bracer
42:23 Blast Furnace
41:31 Siege Engineers
42:28 Conscription
42:45 Bracer
50:02 Stone Shaft Mining
53:10 Masonry
52:56 Murder Holes
Connection lost

Rejoining the realm…

Still unreachable

The connection could not be restored.

Session expired

The server has moved on; the page needs a fresh start.